 Dungeon Crawl Stone Soup version 0.29.1-2-gbd0b4ee654 (webtiles) character file.

Game seed: 15867266730754468234

193 DemonSlayer the Firebug (level 5, -2/31 (32) HPs)
             Began as a Demonspawn Fire Elementalist on Nov 6, 2022.
             Killed by divine providence
             ... invoked by an orc priest
              (11 damage)
             ... on level 4 of the Dungeon.
             The game lasted 00:07:08 (5685 turns).

DemonSlayer the Firebug (DsFE)                      Turns: 5685, Time: 00:07:08

HP:   -2/31 (32)    AC:  3    Str:  8    XL:     5   Next: 43%
MP:   0/10          EV: 12    Int: 18    God:
Gold: 99            SH:  0    Dex: 14    Spells: 5/11 levels left

rFire   . . .      SeeInvis .   d - +0 dagger
rCold   . . .      Faith    .   h - orb {light}
rNeg    . . .      Spirit   +   a - +1 robe
rPois   .          Reflect  .   (helmet restricted)
rElec   .          Harm     .   (no cloak)
rCorr   +          Rampage  .   (no gloves)
Will    .....                   (no boots)
Stlth   +.........              k - amulet of guardian spirit
HPRegen 0.10/turn               f - ring of resist corrosion
MPRegen 0.12/turn               (no ring)

@: confused, hasted, glowing, lightly drained, very quick
A: foul stench 1, horns 1, frail 1
a: no special abilities


You were on level 4 of the Dungeon.
You visited 1 branch of the dungeon, and saw 4 of its levels.

You collected 99 gold pieces.

Inventory:

Hand Weapons
 d - a +0 dagger (weapon)
Armour
 a - a +1 robe (worn)
 h - an orb of light (worn)
Jewellery
 f - a ring of resist corrosion (left hand)
 k - an amulet of guardian spirit (around neck)
Scrolls
 c - a scroll of torment
 g - 3 scrolls of enchant weapon {unknown}
 i - 2 scrolls of teleportation
 j - a scroll of immolation {unknown}
 l - a scroll of fear {unknown}
Potions
 b - a potion of brilliance


   Skills:
 + Level 0.3 Fighting
 + Level 0.9 Short Blades
 + Level 2.2 Dodging
 + Level 2.1 Stealth
 + Level 3.7 Spellcasting
 + Level 1.5 Conjurations
 + Level 3.8 Fire Magic


You had 5 spell levels left.
You knew the following spells:

 Your Spells              Type           Power      Damage    Failure   Level
a - Foxfire               Conj/Fire      48%        2x1d6     4%          1
b - Scorch                Fire           34%        2d6       4%          2
c - Conjure Flame         Conj/Fire      12%        6-21      16%         3

Your spell library contained the following spells:

 Spells                   Type           Power      Damage    Failure   Level
 Inner Flame              Hex/Fire       10%        N/A       21%         3
 Tukima's Dance           Hex            3%         N/A       41%         3
 Flame Wave               Conj/Fire      12%        2d6       45%         4
 Passage of Golubria      Tloc           3%         N/A       83%         4
 Yara's Violent Unravell  Hex/Tmut       1%         3d3       99%         5


Dungeon Overview and Level Annotations

Branches:
Dungeon (4/15)             Temple (0/1) D:4

Altars:
Wu Jian

Shops:
D:4 !

Annotations:
D:1 Terence


Innate Abilities, Weirdness & Mutations

You may rarely emit foul miasma when damaged in melee.
You have a pair of small horns on your head.
You are frail. (-10% HP)


Message History

The orc wizard gestures at you while chanting.
You are confused.
You're too confused to cast spells.
You're too confused to cast spells.
You're too confused to cast spells.
You're too confused to cast spells.
You're too confused to cast spells.
You're too confused to cast spells.
Unknown command.
You feel yourself speed up. The orc wizard casts a spell at you.
The puff of flame hits you!
You bump into the rock wall.
An orc comes into view. It is wielding a +0 dagger.
The orc shouts!
The orc wizard is no longer more vulnerable to fire.
The orc priest mumbles some strange prayers to Beogh against you.
Beogh smites you!
You bump into the rock wall.
You bump into the rock wall.
The orc barely misses you. The orc wizard misses you.
You closely miss the orc. The orc closely misses you.
The orc wizard casts a spell at you.
You are more confused.
The orc priest looks braver for a moment.
You hit the orc but do no damage. You headbutt the orc.
The orc is lightly wounded.
You hit the orc but do no damage. Your headbutt misses the orc.
The orc is lightly wounded.
You feel as though your hastened speed will last longer.
The orc barely misses you.
The orc priest miscasts a cantrip.
You bump into the rock wall.
The orc hits you with a +0 flail.
* * * LOW HITPOINT WARNING * * *
You emit a cloud of foul miasma!
You bump into the rock wall.
The orc is engulfed in dark miasma.
The orc is poisoned.
The orc seems to slow down.
The orc priest mumbles some strange prayers to Beogh against you.
Beogh smites you!
You die...

#..# # #..# ..
#..# ..#
#..####### .#..
#....o.oo#
oo..######.#####o#
#...#.....# #☼#
#oo..##### #o#
?...##.# #@# #..
#.# #.# ..# #.#
#.# ..# #.# #.#
#.# #.# #.# #.#
#.. ####.# #.# ###
#....# #.# #.####
#.# #.#


You could see an orc priest, an orc wizard (invisible) and 2 orcs.

Vanquished Creatures
  2 hounds (D:4)
  Jessica (D:3)
  An iguana (D:4)
  2 adders (D:2)
  A worm (D:4)
  3 dart slugs
  3 orcs (D:4)
  3 ball pythons
  4 endoplasms
  5 giant cockroaches
  2 goblins (D:4)
  2 hobgoblins (D:2)
  4 jackals
  2 quokkas
  4 bats
  A frilled lizard (D:3)
  8 kobolds
  5 rats
53 creatures vanquished.

Vanquished Creatures (collateral kills)
  5 foxfires
5 creatures vanquished.

Vanquished Creatures (others)
  2 demonic plants (D:1)
  160 foxfires
  3 fungi (D:1)
  4 plants (D:1)
  2 withered plants (D:1)
171 creatures vanquished.

Grand Total: 229 creatures vanquished

Notes
Turn   | Place    | Note
-------+----------+-------------------------------------------
     0 | D:1      | DemonSlayer the Demonspawn Fire Elementalist began the
                  | quest for the Orb.
     0 | D:1      | Reached XP level 1. HP: 13/13 MP: 3/3
   262 | D:1      | Found a faded altar of an unknown god.
   694 | D:1      | Gained mutation: You may rarely emit foul miasma when
                  | damaged in melee. [demonic ancestry]
   694 | D:1      | Reached XP level 2. HP: 15/19 MP: 1/5
   919 | D:1      | Learned a level 2 spell: Scorch
  1704 | D:2      | Noticed Terence
  1712 | D:2      | Gained mutation: You have an increased reservoir of magic.
                  | (+10% MP) [potion of mutation]
  1712 | D:2      | Gained mutation: You are frail. (-10% HP) [potion of
                  | mutation]
  2179 | D:2      | Reached XP level 3. HP: 12/21 MP: 1/7
  3045 | D:2      | Learned a level 3 spell: Conjure Flame
  3582 | D:1      | Lost mutation: You have an increased reservoir of magic.
                  | (+10% MP) [potion of mutation]
  3582 | D:1      | Lost mutation: You are frail. (-10% HP) [potion of
                  | mutation]
  3582 | D:1      | Gained mutation: You are frail. (-10% HP) [potion of
                  | mutation]
  3582 | D:1      | Gained mutation: You have a pair of small horns on your
                  | head. [potion of mutation]
  3964 | D:3      | Noticed Jessica
  3976 | D:3      | Killed Jessica
  3977 | D:3      | Reached XP level 4. HP: 7/27 MP: 6/8
  4520 | D:4      | Found Tuamirin's Distillery.
  5078 | D:4      | Reached XP level 5. HP: 20/29 MP: 6/9
  5304 | D:4      | Found an ornate altar of the Wu Jian Council.
  5652 | D:4      | Found a staircase to the Ecumenical Temple.
  5685 | D:4      | Killed from afar by an orc priest

Illustrated notes

Levels and vault maps discovered:
D:1:      lemuel_arrival_funnel, layout_basic, shapermc_ecumenical_altar_gd
D:2:      layout_rooms, chequers_big_river, uniq_terence
D:3:      layout_basic, gup_sewer_entry_spiral, uniq_jessica
D:4:      layout_loops_ring, nzn_wu_jian_contemplation,
          minmay_temple_entry_mini_moons, serial_shops, shop,
          nicolae_concentric_dashed_squares_mild

Skill      XL: |  1  2  3  4 |
---------------+-------------+-----
Fire Magic     | 3 |  3.8
Dodging        | 2 |  2.2
Stealth        | 2 |  2.1
Spellcasting   | 3 |  3.7
Fighting       | |  0.3
Short Blades   | |  0.9
Conjurations   | |  1.5

Action                   |  1- 3 |  4- 6 || total
-------------------------+-------+-------++-------
Melee: Dagger            |    42 |    52 ||    94
       Unarmed           |     1 |       ||     1
       Headbutt          |     1 |    20 ||    21
 Cast: Foxfire           |    96 |     1 ||    97
       Scorch            |     8 |    15 ||    23
  Use: Scroll            |     5 |       ||     5
       Potion            |     3 |     2 ||     5
Armor: Robe              |    15 |    10 ||    25
Dodge: Dodged            |    57 |    41 ||    98
